 Dungeon Crawl Stone Soup version 0.30-a0-509-gd016549fea (webtiles) character file.

Game seed: 17250620091298874695

4960 kae the Destroyer (level 10, 0/50 HPs)
             Began as a Tengu Fire Elementalist on Dec 22, 2022.
             Was a Believer of Vehumet.
             Slain by a killer bee (5 damage)
             ... on level 10 of the Dungeon.
             The game lasted 00:11:55 (10646 turns).

kae the Destroyer (Tengu Fire Elementalist)        Turns: 10646, Time: 00:11:55

Health: 0/50       AC:  3    Str: 15    XL:     10   Next: 53%
Magic:  10/20      EV: 14    Int: 20    God:    Vehumet [**....]
Gold:   213        SH:  5    Dex: 14    Spells: 8/21 levels left

rFire   + . .      SeeInvis .    h - staff of fire {!a}
rCold   . . .      Faith    .    (no shield)
rNeg    . . .      Spirit   .    a - +1 robe
rPois   .          Reflect  +    (helmet restricted)
rElec   .          Harm     .    (no cloak)
rCorr   .          Rampage  .    (no gloves)
Will    .....                    (boots unavailable)
Stlth   ++........               e - amulet of reflection
HPRegen 0.28/turn                S - +6 ring of strength
MPRegen 0.17/turn                Y - +4 ring of slaying

@: flying quickly and evasively, quick
A: beak, talons 3, nimble flight
a: Renounce Religion


You were on level 10 of the Dungeon.
You worshipped Vehumet.
Vehumet was pleased with you.
You visited 2 branches of the dungeon, and saw 11 of its levels.

You collected 408 gold pieces.
You spent 195 gold pieces at shops.


Innate Abilities, Weirdness & Mutations

You have a beak for a mouth.
You have claws for feet.
Your magical nature lets you fly swiftly and evasively.


   Skills:
 - Level 2.1 Dodging
 - Level 2.0 Stealth
 + Level 6.4 Spellcasting
 * Level 12.5 Conjurations
 - Level 1.0 Hexes
 * Level 11.0 Fire Magic


You had 8 spell levels left.
You knew the following spells:

 Your Spells              Type           Power      Damage    Failure   Level
a - Foxfire               Conj/Fire      100%       2x1d9     1%          1
b - Scorch                Fire           100%       2d10      1%          2
c - Inner Flame           Hex/Fire       45%        N/A       2%          3
d - Flame Wave            Conj/Fire      69%        2d16      1%          4
e - Kindle Blastsparks    Fire/Tloc/Air  62%        2d15      7%          3

Your spell library contained the following spells:

 Spells                   Type           Power      Damage    Failure   Level
 Sandblast                Erth           12%        2d6       10%         1
 Ensorcelled Hibernation  Hex/Ice        16%        N/A       12%         2
 Gell's Gravitas          Tloc           6%         N/A       30%         3
 Lesser Beckoning         Tloc           12%        N/A       30%         3
 Spider Form              Tmut/Pois      6%         N/A       30%         3
 Teleport Other           Tloc           6%         N/A       30%         3
 Anguish                  Hex/Necr       4%         N/A       63%         4

Inventory:

Hand Weapons
 y - the +2 Maxwell's thermic engine {flame, freeze}
   (You found it on level 7 of the Dungeon)

   It burns those it strikes, dealing additional fire damage.
   Big, fiery blades are also staple armaments of hydra-hunters.
   It freezes those it strikes, dealing additional cold damage.
   It can also slow down cold-blooded creatures.
   It becomes more effective when it hits something.
   This effect fades over time.
Missiles
 f - a throwing net {=f!f}
 g - 81 stones
 l - 12 poisoned darts
 o - 2 javelins
 s - 3 boomerangs
 D - a silver boomerang
Armour
 a - a +1 robe (worn)
Magical Staves
 h - a staff of fire (weapon) {!a}
   (You found it on level 2 of the Dungeon)
Jewellery
 e - an amulet of reflection (around neck)
   (You found it on level 1 of the Dungeon)
 A - an amulet of the acrobat
   (You found it on level 6 of the Dungeon)
 S - a +6 ring of strength (left hand)
   (You found it on level 4 of the Dungeon)
 Y - a +4 ring of slaying (right hand)
   (You found it on level 9 of the Dungeon)
Wands
 c - a wand of mindburst (7)
   (You found it on level 10 of the Dungeon)
 i - a wand of acid (11)
   (You took it off Ijyb on level 3 of the Dungeon)
 r - a wand of digging (28)
   (You found it on level 4 of the Dungeon)
 z - a wand of roots (5)
   (You found it on level 10 of the Dungeon)
 B - a wand of charming (4)
   (You found it on level 7 of the Dungeon)
Scrolls
 d - 4 scrolls of vulnerability {!r!r}
 k - a scroll of enchant armour
 n - a scroll of enchant weapon
 q - 2 scrolls of identify {@r1}
 t - 2 scrolls of blinking {!r}
 w - 2 scrolls of teleportation {@r4}
 C - 3 scrolls of fear
 G - a scroll of magic mapping {!r}
 K - a scroll of immolation {!r!r}
 M - a scroll of fog
Potions
 b - 3 potions of mutation {!q}
 j - 5 potions of heal wounds {@q2}
 m - a potion of might
 p - a potion of berserk rage {!q}
 u - a potion of invisibility
 v - a potion of ambrosia
 x - a potion of brilliance
 E - a potion of curing {@q1}
 F - a potion of attraction {!q}
 H - 2 potions of lignification {!q}
 J - a potion of resistance

Dungeon Overview and Level Annotations

Branches:
Dungeon (10/15) Zot: 26647  Temple (1/1) D:5 Zot: 5856    Lair (0/5) D:8
    Orc: D:9-12

Altars:
Ashenzari
Cheibriados
Dithmenos
Elyvilon
Fedhas
Gozag
Hepliaklqana
Kikubaaqudgha
Makhleb
Nemelex Xobeh
Okawaru
Qazlal
Ru
Sif Muna
Trog
Uskayaw
Vehumet
Wu Jian
Xom
Yredelemnul
Zin
The Shining One

Shops:
D:1 [*([   D:5 (   D:6 ?   D:8 *   D:10 !

Annotations:
D:2 1 runed translucent door, Crazy Yiuf
D:3 2 transporters, zero's ghost, amateur DEEE
D:6 exclusion: upstairs
D:8 exclusion: steam dragon

#โŒ .โŒ
.###########.#####
#.#..# #.#
#####....# #.#
.........# #####.#
########.# #.....#
.# #.##### .# #.#
.# #.# #@# ##y##
#...#######
#.##...^.....#
#.......ยง..#.#
####.#.......#
#.#####y#.# #.
#.#.# .. #.# #


You could see 2 killer bees.


Message History

You start resting.
A centaur comes into view. ๐Ÿ˜ฎ HP[+1] MP[+1]
Your mp is fully restored (20).
Casting: Foxfire (safe; 1% risk of failure)
Confirm with . or Enter, or press ? or * to list all spells.
Aiming: Inner Flame (dangerous; 2% risk of failure)
Press: ? - help, Dir - move target, f - centaur
Aim: a centaur (chance to affect: 91%)
You feel a surge of power!
The centaur barely resists.
The centaur wields a +0 shortbow.
The centaur shoots an arrow.
The arrow closely misses you.
The centaur shoots an arrow.
The arrow barely misses you. ๐Ÿ˜ฎ MP[-3]
You lost 3 mp, and now have 17/20 mp.
Casting: Inner Flame (dangerous; 2% risk of failure)
Confirm with . or Enter, or press ? or * to list all spells.
You feel a surge of power!
You conjure some foxfire! ๐Ÿ˜ฎ MP[-1]
You lost 1 mp, and now have 16/20 mp.
Casting: Foxfire (safe; 1% risk of failure)
Confirm with . or Enter, or press ? or * to list all spells.
Aiming: Inner Flame (dangerous; 2% risk of failure)
Press: ? - help, Dir - move target, f/p - centaur
Aim: a centaur, wielding a +0 shortbow (ally target, chance to affect: 91%)
You feel a surge of power!
The centaur is filled with an inner flame.
The foxfire hits the centaur!
Flame seeps out of the centaur.
The foxfire hits the centaur!
Flame seeps out of the centaur.
The centaur is engulfed in blazing flames.
Flame seeps out of the centaur.
The centaur shoots an arrow.
The arrow hits you! ๐Ÿ˜ฎ HP[-6] MP[-3]
You take 6 damage, and now have 30/50 hp.
You lost 3 mp, and now have 13/20 mp.
Casting: Inner Flame (dangerous; 2% risk of failure)
Confirm with . or Enter, or press ? or * to list all spells.
You feel a surge of power!
You conjure some foxfire!
The centaur is engulfed in blazing flames.
Vehumet accepts your kill.
The centaur explodes!
You start resting.
A wyvern comes into view. ๐Ÿ˜ฎ HP[+1]
Casting: Foxfire (safe; 1% risk of failure)
Confirm with . or Enter, or press ? or * to list all spells.
Aiming: Inner Flame (dangerous; 2% risk of failure)
Press: ? - help, Dir - move target, f - wyvern
Aim: a wyvern (wandering, hasn't noticed you, chance to affect: 91%)
You feel a surge of power!
The wyvern is filled with an inner flame. ๐Ÿ˜ฎ HP[+1] MP[-3]
You lost 3 mp, and now have 10/20 mp.
Casting: Inner Flame (dangerous; 2% risk of failure)
Confirm with . or Enter, or press ? or * to list all spells.
You feel a surge of power!
You conjure some foxfire!
The foxfire hits the wyvern.
Flame seeps out of the wyvern.
The foxfire hits the wyvern but does no damage.
The wyvern is engulfed in blazing flames.
Flame seeps out of the wyvern.
Casting: Foxfire (safe; 1% risk of failure)
Confirm with . or Enter, or press ? or * to list all spells.
You feel a surge of power!
Flames lash the wyvern.
Flame seeps out of the wyvern.
The wyvern's fire resistance burns away.
The wyvern is engulfed in blazing flames.
Flame seeps out of the wyvern.
You block the wyvern's attack.
The wyvern is engulfed in blazing flames.
Vehumet accepts your kill.
You feel your power returning.
The wyvern explodes!
The fiery explosion engulfs you!! You resist.
* * * LOW HITPOINT WARNING * * *
You hear an angry buzzing noise. x2
Your Fire Magic skill increases to level 11!
You are engulfed in blazing flames.
You resist.
* * * LOW HITPOINT WARNING * * *
๐Ÿ˜ฑ HP[-25]
You take 25 damage, and now have 7/50 hp.
MASSIVE DAMAGE!! (PAUSE) Unknown command.
Unknown command. ๐Ÿ˜ฑ HP[+1] MP[+1]
A killer bee comes into view.
A killer bee comes into view. ๐Ÿ˜ฑ HP[+1]
The killer bee stings you.
* * * LOW HITPOINT WARNING * * *
๐Ÿ˜ฑ HP[-4]
You take 4 damage, and now have 5/50 hp.
Casting: Scorch (safe; 1% risk of failure)
Confirm with . or Enter, or press ? or * to list all spells.
You feel a surge of power!
Flames lash the killer bee.
The killer bee's fire resistance burns away.
You block the killer bee's attack.
The killer bee stings you but does no damage.
The killer bee barely misses you.
A killer bee comes into view.
The killer bee stings you.
You die...

Skill      XL: |  1  2  3  4  5  6  7  8  9 10 |
---------------+-------------------------------+-----
Conjurations   | 2 3 4 6 7 9 11 12 | 12.5
Fire Magic     | 4 5 6 8 10 11 | 11.0
Hexes          | 1 |  1.0
Spellcasting   | 3 4 5 6 |  6.4
Dodging        | |  2.1
Stealth        | |  2.0

Action                   |  1- 3 |  4- 6 |  7- 9 | 10-12 || total
-------------------------+-------+-------+-------+-------++-------
Melee: Unarmed           |     1 |       |       |       ||     1
       Staff             |       |     5 |     1 |       ||     6
       Kick              |       |     2 |     1 |       ||     3
       Peck              |       |     1 |       |       ||     1
 Cast: Foxfire           |    63 |    45 |   133 |    15 ||   256
       Scorch            |    10 |    19 |    53 |     6 ||    88
       Inner Flame       |       |     3 |     7 |     6 ||    16
       Flame Wave        |       |       |       |     1 ||     1
Evoke: Wand              |       |       |     3 |       ||     3
  Use: Scroll            |     8 |     5 |     8 |     4 ||    25
       Potion            |     2 |       |     2 |       ||     4
Armor: Robe              |     8 |     2 |    11 |     1 ||    22
Dodge: Dodged            |    19 |     7 |    64 |     8 ||    98
Block: Other             |     1 |     4 |    19 |     3 ||    27
       Reflection        |       |       |     5 |     1 ||     6

Levels and vault maps discovered:
D:1:      moated_graveyard_arrival, layout_loops_corners,
          basic_ecumenical_altar, serial_shops, shop,
          nicolae_shop_hallway_stairs, shop_statue, nicolae_diamond_shop,
          dk_noncrumbling_4
D:2:      layout_basic, minmay_misc_feat_rugged, minmay_diced_spiral,
          uniq_crazy_yiuf_cottage
D:3:      layout_loops_ring, nicolae_overflow_two_pavilions,
          gammafunk_ghost_stat_death, uniq_ijyb
D:4:      layout_rooms, minmay_misc_feat_nine_boxes
D:5:      layout_rooms, minmay_temple_entry_overgrown, serial_shops,
          nicolae_take_the_stairs, minmay_crossroads
D:6:      layout_gridville, serial_shops, nicolae_shop_crystal
D:7:      layout_basic, corexii_checkpoint_b, abandoned_shop, minivault_11,
          hangedman_decor_diamond_cutter, grunt_ministairs_3,
          kennysheep_generic_room_7
D:8:      layout_loops_corners, nzn_hepliaklqana_mist_gate, lair_entry_dummy,
          serial_shops, shop
D:9:      layout_loops_ring, okawaru_altar_gauntlet_db,
          nicolae_ru_path_of_blood, chequers_temple_overflow_minitemple
D:10:     layout_loops_ring, serial_shops, shop_fountains
Temple:   nicolae_temple_bog_church

Notes
Turn   | Place    | Note
-------+----------+-------------------------------------------
     0 | D:1      | kae the Tengu Fire Elementalist began the quest for the
                  | Orb.
     0 | D:1      | Reached XP level 1. HP: 10/10 MP: 4/4
     0 | D:1      | magus.rc [v1.11.3]
   340 | D:1      | Found Qatoim's Antique Weapon Boutique.
   399 | D:1      | Found Peopin's Antique Armour Shop.
   497 | D:1      | Found Niptui's Assorted Antiques.
   555 | D:1      | Reached skill level 2 in Conjurations
   555 | D:1      | Reached XP level 2. HP: 15/15 MP: 3/6
   638 | D:1      | Found a faded altar of an unknown god.
   716 | D:1      | Found Maile's Armour Emporium.
   866 | D:1      | Learned a level 2 spell: Scorch
   976 | D:2      | Reached XP level 3. HP: 19/19 MP: 2/7
   980 | D:2      | Learned a level 3 spell: Inner Flame
  1829 | D:2      | Found a runed translucent door.
  1830 | D:2      | Noticed Crazy Yiuf
  1873 | D:2      | Reached skill level 4 in Fire Magic
  2039 | D:3      | Reached skill level 3 in Conjurations
  2129 | D:3      | Found a transporter.
  2135 | D:3      | Noticed zero's ghost (amateur DEEE)
  2362 | D:3      | Found a transporter.
  2442 | D:3      | Reached XP level 4. HP: 24/24 MP: 6/8
  2552 | D:3      | Noticed Ijyb
  2663 | D:3      | Killed Ijyb
  2913 | D:3      | Found a glowing silver altar of Zin.
  2913 | D:3      | Found a snail-covered altar of Cheibriados.
  3214 | D:4      | Gained mutation: Your magical nature lets you fly swiftly
                  | and evasively. [Tengu growth]
  3214 | D:4      | Reached XP level 5. HP: 23/28 MP: 4/9
  3315 | D:4      | Reached skill level 4 in Conjurations
  3404 | D:4      | Noticed a black bear
  3409 | D:4      | Killed a black bear
  3410 | D:4      | Reached skill level 1 in Hexes
  3410 | D:4      | Reached XP level 6. HP: 32/32 MP: 4/11
  3415 | D:4      | Reached skill level 5 in Fire Magic
  3517 | D:4      | HP: 7/32 [gnoll/+0 flail (9)]
  3748 | D:4      | Reached skill level 5 in Conjurations
  3776 | D:4      | Reached skill level 3 in Spellcasting
  4189 | D:5      | Entered Level 5 of the Dungeon
  4276 | D:5      | Noticed an ice beast
  4314 | D:4      | Killed an ice beast
  4315 | D:4      | Reached skill level 6 in Conjurations
  4315 | D:4      | Reached XP level 7. HP: 29/36 MP: 5/13
  4385 | D:5      | Reached skill level 6 in Fire Magic
  4609 | D:5      | Found Rinuakyd's Antique Weapon Shoppe.
  4686 | D:5      | You pick up a book of Displacement and begin reading...
  4686 | D:5      | You add the spells Lesser Beckoning, Gell's Gravitas and
                  | Teleport Other to your library.
  4792 | D:5      | Found a staircase to the Ecumenical Temple.
  4996 | Temple   | Entered the Ecumenical Temple
  5148 | Temple   | Became a worshipper of Vehumet
  5347 | D:5      | Learned a level 4 spell: Flame Wave
  5351 | D:5      | Learned a level 3 spell: Kindle Blastsparks
  5390 | D:6      | HP: 8/36 [centaur/arrow (5)]
  5392 | D:6      | Reached skill level 7 in Conjurations
  5508 | D:6      | You are sucked into a shaft and drop 2 floors!
  5582 | D:8      | Noticed a wyvern
  5591 | D:7      | Reached skill level 4 in Spellcasting
  5591 | D:7      | Reached XP level 8. HP: 32/41 MP: 9/15
  5667 | D:5      | Reached skill level 7 in Fire Magic
  5824 | D:6      | Reached skill level 8 in Conjurations
  5939 | D:6      | Found Ycvykien's Magic Scroll Emporium.
  5946 | D:6      | Bought a scroll of identify for 26 gold pieces
  6250 | D:6      | Reached * piety under Vehumet
  6250 | D:6      | Offered knowledge of Kiss of Death by Vehumet.
  6402 | D:6      | Reached skill level 8 in Fire Magic
  6467 | D:6      | Reached skill level 9 in Conjurations
  6751 | D:6      | Bought a scroll of identify for 26 gold pieces
  6751 | D:6      | Bought a scroll of identify for 26 gold pieces
  6752 | D:6      | Bought a scroll of identify for 26 gold pieces
  6752 | D:6      | Bought a scroll of identify for 26 gold pieces
  6752 | D:6      | Bought a scroll of identify for 26 gold pieces
  6790 | D:6      | Bought a scroll of teleportation for 39 gold pieces
  6865 | D:7      | Reached XP level 9. HP: 45/45 MP: 14/17
  7398 | D:7      | Found the +2 Maxwell's thermic engine {flame, freeze}
  7413 | D:7      | Reached skill level 5 in Spellcasting
  8157 | D:8      | Reached skill level 10 in Conjurations
  8327 | D:8      | Reached skill level 9 in Fire Magic
  8473 | D:8      | Reached ** piety under Vehumet
  8473 | D:8      | Offered knowledge of Sandblast by Vehumet.
  8665 | D:8      | You pick up a book of Dreams and begin reading...
  8665 | D:8      | You add the spells Ensorcelled Hibernation, Spider Form and
                  | Anguish to your library.
  8698 | D:8      | Found a hazy altar of Hepliaklqana.
  8960 | D:8      | Found a staircase to the Lair.
  8972 | D:8      | Found Hebrojuy's General Store.
  9317 | D:9      | Noticed a hornet
  9321 | D:9      | Killed a hornet
  9322 | D:9      | Reached skill level 11 in Conjurations
  9430 | D:9      | Noticed a hornet
  9441 | D:9      | Killed a hornet
  9442 | D:9      | Reached skill level 10 in Fire Magic
  9442 | D:9      | Reached XP level 10. HP: 20/50 MP: 12/19
  9737 | D:9      | Identified the +10 whip "Ciriran" {distort, SInv}
  9739 | D:9      | Noticed a two-headed ogre
  9746 | D:9      | HP: 6/50 [two-headed ogre/+0 giant club (25)]
  9757 | D:9      | Killed a two-headed ogre
  9758 | D:9      | Reached skill level 6 in Spellcasting
  9979 | D:9      | Found a sacrificial altar of Ru.
 10109 | D:9      | Found an iron altar of Okawaru.
 10210 | D:9      | Found a broken altar of Ashenzari.
 10210 | D:9      | Found a hide-covered altar of Uskayaw.
 10218 | D:9      | Found a bloodstained altar of Trog.
 10220 | D:9      | Found an opulent altar of Gozag.
 10222 | D:9      | Found an ancient bone altar of Kikubaaqudgha.
 10271 | D:10     | Entered Level 10 of the Dungeon
 10357 | D:10     | Found Onked's Distillery.
 10417 | D:10     | Reached skill level 12 in Conjurations
 10635 | D:10     | HP: 12/50 [spore (21)]
 10636 | D:10     | Reached skill level 11 in Fire Magic
 10644 | D:10     | HP: 5/50 [killer bee (4)]
 10646 | D:10     | Slain by a killer bee

Vanquished Creatures
  A two-headed ogre (D:9)
  A troll (D:10)
  2 hornets (D:9)
  2 wyverns
  3 yaks (D:10)
  A steam dragon (D:8)
  2 ice beasts
  A sky beast (D:7)
  2 black bears
  An orc warrior (D:10)
  An ogre (D:5)
  6 centaurs
  A gnoll sergeant (D:6)
  7 wights
  3 scorpions
  3 killer bees (D:9)
  4 howler monkeys
  5 orc priests
  A gnoll bouda (D:6)
  6 hounds
  Ijyb (D:3)
  3 iguanas
  9 orc wizards
  11 gnolls
  5 adders
  A shadow imp (D:7)
  3 white imps
  An ufetubus (D:6)
  4 worms
  2 dart slugs
  31 orcs
  5 ball pythons
  An endoplasm (D:2)
  2 giant cockroaches
  5 goblins
  9 hobgoblins
  4 jackals (D:2)
  2 quokkas (D:1)
  2 bats
  2 frilled lizards
  9 kobolds
  5 rats
170 creatures vanquished.

Vanquished Creatures (others)
  411 foxfires
411 creatures vanquished.

Grand Total: 581 creatures vanquished

Table legend:
 A = Non-vault XP
 B = Vault XP
 C = Vault XP percentage of total XP
 D = Non-vault monster count
 E = Vault monster count
 F = Vault count percentage of total count
                 A         B        C        D         E       F
            +---------+---------+-------+---------+---------+-------
      Total |    6557 |     529 |   7.5 |     153 |      17 |  10.0
            +---------+---------+-------+---------+---------+-------
        D:1 |      12 |       0 |   0.0 |       7 |       0 |   0.0
        D:2 |      43 |       2 |   4.4 |      16 |       2 |  11.1
        D:3 |      52 |      38 |  42.2 |      18 |       1 |   5.3
        D:4 |     303 |     132 |  30.3 |      19 |       1 |   5.0
        D:5 |     458 |      39 |   7.8 |      17 |       1 |   5.6
        D:6 |    1121 |       0 |   0.0 |      27 |       0 |   0.0
        D:7 |     269 |     293 |  52.1 |       6 |       6 |  50.0
        D:8 |    1160 |       0 |   0.0 |      24 |       0 |   0.0
        D:9 |    1698 |      25 |   1.5 |       9 |       6 |  40.0
       D:10 |    1441 |       0 |   0.0 |      10 |       0 |   0.0
            +---------+---------+-------+---------+---------+-------

Illustrated notes

Table legend:
 A = Kills in this place as a percentage of kills in entire the game.
 B = Kills by you in this place as a percentage of kills by you in the entire game.
 C = Kills by friends in this place as a percentage of kills by friends in the entire game.
 D = Other kills in this place as a percentage of other kills in the entire game.
 E = Experience gained in this place as a percentage of experience gained in the entire game.
 F = Experience gained in this place divided by the number of levels of this place that you have seen.
                   A       B       C       D       E      F
               +-------+-------+-------+-------+-------+----------------------
         Total | 100.0 | 100.0 |   N/A |   N/A | 100.0 | 644.2
       Dungeon | 100.0 | 100.0 |   N/A |   N/A | 100.0 | 708.6
               +-------+-------+-------+-------+-------+----------------------

Table legend: (Time is in decaauts)
 A = Elapsed time spent in this place.
 B = Non-inter-level travel time spent in this place.
 C = Inter-level travel time spent in this place.
 D = Time resting spent in this place.
 E = Time spent auto-exploring this place.
 F = Levels seen in this place.
 G = Mean time per level.
                   A        B        C        D        E       F      G
               +--------+--------+--------+--------+--------+-----+--------+
         Total |  10187 |   9758 |    429 |    688 |   7631 |  11 |  926.1 |
       Dungeon |  10044 |   9638 |    406 |    688 |   7521 |  10 | 1004.4 |
        Temple |    143 |    121 |     22 |      0 |    110 |   1 |  143.0 |
               +--------+--------+--------+--------+--------+-----+--------+

Top non-repeatable levels by time:
     D:8: 1326 daAuts
     D:3: 1307 daAuts
     D:6: 1211 daAuts
     D:2: 1132 daAuts
     D:7: 1092 daAuts
     D:9: 937 daAuts
     D:5: 927 daAuts
     D:4: 889 daAuts
     D:1: 869 daAuts
    D:10: 351 daAuts
  Temple: 143 daAuts
